Map: Ever Dream LE

Players

Faith

  • Race: Terran Terran
  • League: Master
  • Spawn Location: 1:00

Killermonjas - Winner!

  • Race: Protoss Protoss
  • League: Master
  • Spawn Location: 7:00

VOD

Have the link to the VOD?

Description

Time

  • Played on: Sept. 4, 2020, 3:47 p.m.
  • Length: 9:52
Show
View Real Time Build Order
Export as new Build Order

Faith Terran 

Build Orders:  

Get SALT Encoding   

  12  0:00  SCV  
  13  0:12  SCV  
  14  0:16  Supply Depot  
  14  0:24  SCV  
  14  0:27  Refinery  
  15  0:38  SCV  
  16  0:44  Barracks  
  16  0:50  SCV  
  17  0:57  Refinery  
  17  1:02  SCV  
  18  1:07  Supply Depot  
  18  1:14  SCV  
  19  1:31  Reaper  
  20  1:36  Factory  
  20  1:42  Orbital Command  
  20  2:03  Reaper  
  20  2:07  SCV  
  22  2:20  SCV  
  23  2:26  Hellion  
  25  2:34  SCV  
  25  2:36  Command Center  
  26  2:37  Reaper  
  27  2:46  SCV  
  27  2:48  Hellion, Starport  
  30  2:55  Supply Depot  
  30  3:01  SCV  
  31  3:10  Factory Tech Lab  
  31  3:16  Barracks Reactor  
  31  3:21  SCV  
  31  3:27  Starport Tech Lab  
  32  3:29  Siege Tank  
  32  3:34  Supply Depot  
  35  3:38  Barracks  
  35  3:43  SCV, Barracks  
  36  3:54  Orbital Command  
  36  3:55  Marine x2  
  36  4:11  SCV  
  36  4:12  Siege Tank  
  40  4:19  Marine x2  
  40  4:20  Banshee  
  40  4:21  SCV  
  46  4:25  SCV  
  46  4:28  Marine  
  48  4:31  Marine  
  48  4:35  SCV  
  48  4:36  Marine  
  48  4:37  Marine  
  52  4:44  Siege Tank  
  55  4:46  Marine  
  55  4:48  Supply Depot  
  55  4:49  Marine  
  57  4:58  Marine x2  
  59  5:04  Marine, Supply Depot  
  59  5:06  Supply Depot  
  60  5:07  Marine  
  61  5:17  Marine, Banshee, Siege Tank  
  61  5:18  Marine  
  69  5:22  Marine  
  70  5:35  Supply Depot x2  
  65  5:47  Marine x3  
  65  5:48  Marine  
  65  5:49  Siege Tank  
  69  6:05  Marine x3  
  71  6:14  Marine  
  70  6:21  Siege Tank  
  70  6:22  Bunker x2  
  70  6:23  Marine  
  74  6:27  Marine  
  74  6:28  Marine  
  74  6:29  Banshee  
  74  6:32  Marine  
  77  6:40  Bunker  
  77  6:41  Bunker, Marine  
  66  6:56  Marine  
  66  6:57  Marine x2  
  58  7:07  Marine, Siege Tank  
  58  7:08  SCV x2  
  58  7:14  Marine x2  
  50  7:25  Marine x2  
  43  7:49  Barracks Tech Lab x2  
  40  7:58  Marauder, Marine  
  40  7:59  Marine  
  40  8:01  SCV x2  
  40  8:02  Stimpack  
  40  8:04  Combat Shield  
  40  8:05  Starport Reactor, Factory Tech Lab  
  44  8:07  Engineering Bay  
  44  8:08  Engineering Bay  
  44  8:12  Refinery  
  44  8:13  SCV x2  
  44  8:16  Marauder  
  50  8:20  Marauder  
  50  8:25  SCV  
  50  8:26  Marine x2  
  53  8:33  SCV  
  54  8:37  Marauder  
  54  8:41  Marauder, Medivac  
  54  8:44  Marine x2  
  56  8:54  SCV x2  
  56  8:59  Marauder, Medivac  
  59  9:03  Marauder  
  59  9:09  Marine x2  
  53  9:20  Marauder  
  47  9:24  Marauder  
Show
View Real Time Build Order
Export as new Build Order

Killermonjas Protoss - Winner!

Build Orders: 1 Gate Expand, Blink Stalkers 

Get SALT Encoding   

  12  0:00  Probe  
  13  0:12  Probe  
  14  0:17  Pylon  
  14  0:24  Probe (Chrono Boost)  
  16  0:36  Probe (Chrono Boost)  
  16  0:38  Gateway  
  16  0:41  Probe (Chrono Boost)  
  16  0:46  Assimilator  
  17  0:53  Probe  
  18  1:05  Probe  
  19  1:17  Probe  
  20  1:26  Cybernetics Core  
  20  1:31  Nexus  
  20  1:37  Pylon  
  20  1:41  Probe  
  21  1:48  Assimilator  
  21  1:53  Probe  
  22  2:00  Adept (Chrono Boost)  
  22  2:03  Warp Gate  
  22  2:05  Probe  
  25  2:17  Probe  
  25  2:24  Twilight Council  
  25  2:28  Stalker  
  25  2:29  Probe (Chrono Boost)  
  28  2:41  Probe (Chrono Boost)  
  29  2:47  Robotics Facility, Probe (Chrono Boost)  
  29  2:49  Probe (Chrono Boost)  
  31  2:56  Probe  
  32  3:01  Probe  
  33  3:08  Probe  
  34  3:13  Probe  
  33  3:21  Stalker (Chrono Boost)  
  33  3:24  Gateway  
  37  3:28  Forge  
  37  3:29  Gateway  
  35  3:34  Probe x2  
  35  3:35  Blink (Chrono Boost)  
  37  3:43  Observer  
  37  3:46  Probe x2  
  40  3:55  Stalker  
  42  3:58  Probe  
  42  3:59  Probe  
  44  4:10  Probe  
  44  4:11  Probe  
  44  4:12  Pylon  
  46  4:23  Pylon  
  46  4:25  Assimilator  
  46  4:30  Probe  
  46  4:31  Gateway  
  47  4:34  Pylon  
  47  4:38  Pylon, Stalker x3  
  53  4:41  Immortal (Chrono Boost)  
  57  4:45  Pylon  
  57  4:47  Gateway  
  57  4:49  Probe  
  58  5:04  Stalker  
  60  5:11  Warp Prism (Chrono Boost), Stalker  
  60  5:12  Stalker  
  66  5:23  Charge (Chrono Boost)  
  66  5:27  Pylon  
  66  5:32  Zealot  
  68  5:42  Zealot x2  
  72  5:44  Zealot x2  
  76  5:55  Zealot  
  76  5:57  Immortal  
  80  6:08  Stalker x3  
  84  6:20  Zealot x2  
  80  6:34  Zealot x2  
  80  6:35  Zealot  
  59  7:06  Stalker x2  
  59  7:07  Stalker x3  
  49  7:30  Stalker  
  49  7:31  Stalker x3  
  49  7:50  Warp Prism  
  49  7:51  Probe (Chrono Boost)  
  52  7:53  Stalker  
  52  7:54  Stalker x3  
  52  7:56  Probe (Chrono Boost)  
  61  8:03  Probe (Chrono Boost)  
  63  8:06  Probe (Chrono Boost)  
  63  8:08  Probe (Chrono Boost)  
  63  8:11  Probe (Chrono Boost)  
  64  8:13  Templar Archives  
  64  8:17  Probe  
  66  8:23  Probe  
  67  8:27  Observer  
  67  8:53  Stalker x4  
  67  8:54  Probe x2  
  77  9:06  Nexus  
  77  9:20  Stalker x4  
  78  9:46  Stalker x4  
Tags
 
Add a new tag
Caveats
  • Supply blocks, unpowered buildings, or Contaminate may cause inaccurate times.
  • Supply counts are checked every 10 seconds.